 Dungeon Crawl Stone Soup version 0.25-a0-435-g4b9beb1 (webtiles) character file.

Game seed: 6180240722124075741, levelgen mode: deterministic

68 wirefist the Firebug (level 4, -5/25 HPs)
             Began as a Deep Elf Fire Elementalist on Jan 29, 2020.
             Slain by a goblin (6 damage)
             ... led by Robin
             ... on level 2 of the Dungeon.
             The game lasted 00:05:00 (1537 turns).

wirefist the Firebug (Deep Elf Fire Elementalist)   Turns: 1537, Time: 00:05:00

Health: -5/25      AC:  2    Str:  5    XL:     4   Next: 1%
Magic:  7/11       EV: 13    Int: 21    God:
Gold:   62         SH:  0    Dex: 15    Spells: 9/10 levels left

rFire    . . .     SeeInvis .   (no weapon)
rCold    . . .     Gourm    .   (no shield)
rNeg     . . .     Faith    .   a - +0 robe
rPois    .         Spirit   .   (no helmet)
rElec    .         Reflect  .   (no cloak)
rCorr    .         Harm     .   (no gloves)
MR       .....                  (no boots)
Stlth    ++........             (no amulet)
HPRegen  0.08/turn              (no ring)
MPRegen  0.12/turn              (no ring)

@: no status effects
A: no striking features
a: no special abilities


You were on level 2 of the Dungeon.
You were not hungry.

You visited 1 branch of the dungeon, and saw 2 of its levels.

You collected 62 gold pieces.

Inventory:

Armour
 a - a +0 robe (worn)
 h - a +0 large shield
Jewellery
 e - a +1 ring of evasion {unknown}
 g - an uncursed amulet of regeneration {unknown}
 j - an uncursed amulet of regeneration {unknown}
Scrolls
 b - 2 scrolls of identify
Potions
 k - a potion of lignification
Comestibles
 c - 3 rations
 l - 2 chunks of flesh


   Skills:
 + Level 1.0 Fighting
 + Level 3.0 Dodging
 + Level 3.2 Stealth
 + Level 3.6 Spellcasting
 + Level 1.9 Conjurations
 + Level 3.7 Fire Magic


You had 9 spell levels left.
You knew the following spells:

 Your Spells              Type           Power        Failure   Level  Hunger
a - Foxfire               Conj/Fire      ###.         4%          1    None

Your spell library contained the following spells:

 Spells                   Type           Power        Failure   Level  Hunger
 Conjure Flame            Conj/Fire      ###.....     12%         3    ###....
 Inner Flame              Hex/Fire       ##......     17%         3    ###....
 Confusing Touch          Hex            #.......     36%         3    ###....
 Gell's Gravitas          Tloc           #.........   36%         3    ###....
 Sticky Flame             Conj/Fire      ###.....     36%         4    ####...
 Fireball                 Conj/Fire      ###.......   73%         5    ######.
 Petrify                  Tmut/Erth      #.......     77%         4    ####...
 Metabolic Englaciation   Hex/Ice        #.........   98%         5    ######.
 Yara's Violent Unravell  Hex/Tmut       #.........   98%         5    ######.


Dungeon Overview and Level Annotations

Branches:
Dungeon (2/15)

Altars:

Annotations:
D:2 Robin


Message History

Your Fighting skill increases to level 1!
You have reached level 4!
You feel clever. The goblin hits you.
As you read the scroll labeled EXTIUZXUE, it crumbles to dust.
It is a scroll of enchant weapon.
You aren't carrying any weapons that can be enchanted.
The goblin hits you. x2
* * * LOW HITPOINT WARNING * * *
Robin roars a battlecry!
The goblin goes into a battle-frenzy!
As you read the scroll labeled ALUOS FALUPT, it crumbles to dust.
Your nose twitches suddenly!
It was a scroll of random uselessness.
The goblin hits you.
* * * LOW HITPOINT WARNING * * *
As you read the scroll labeled NEUDDE DUCVANA, it crumbles to dust.
It is a scroll of identify.
k - a potion of lignification The adder barely misses you.
The goblin hits you.
You die...

#..#.#.##.# ##.#.#.##.#
#...#.##.# ## ######..#.##.#
.. ........>..##†# g#
.####....÷..)g# )# #
#......#g.# ########g#g#
#......#Sg# #......†...#.
#......#g@# #.####g......
........#..# #.# #g#.....
.........#### #.####.######
#....#....# #####....#g#####
#.##.#.................g...#
#########.#.###g#
.........(#)# #.#
###########.###.## ...#...g


You could see Robin, an adder, a hobgoblin and 2 goblins.

Vanquished Creatures
  3 adders (D:2)
  An ooze (D:1)
  A dart slug (D:2)
  4 bats
  2 giant cockroaches (D:1)
  10 goblins
  3 hobgoblins
  5 kobolds
  A quokka (D:2)
  A ball python (D:1)
  A rat (D:1)
32 creatures vanquished.

Vanquished Creatures (others)
  84 foxfires
84 creatures vanquished.

Grand Total: 116 creatures vanquished

Notes
Turn   | Place    | Note
-------+----------+-------------------------------------------
     0 | D:1      | wirefist the Deep Elf Fire Elementalist began the quest for
                  | the Orb.
     0 | D:1      | Reached XP level 1. HP: 10/10 MP: 6/6
    13 | D:1      | Noticed a worker ant
    13 | D:1      | Noticed a black bear
    13 | D:1      | Noticed a five-headed hydra
    13 | D:1      | Noticed a komodo dragon
    13 | D:1      | Noticed a black mamba
   297 | D:1      | Reached XP level 2. HP: 10/15 MP: 5/8
   674 | D:2      | Noticed Robin
  1118 | D:2      | Reached XP level 3. HP: 16/20 MP: 5/9
  1534 | D:2      | Reached skill level 1 in Fighting
  1534 | D:2      | Reached XP level 4. HP: 14/25 MP: 7/11
  1536 | D:2      | HP: 1/25 [goblin[Robin] (6)]
  1537 | D:2      | Slain by a goblin

Levels and vault maps discovered:
D:1:      onia_arrival_zoo_common, layout_basic, st_stairs_2, minivault_23
D:2:      layout_basic, gammafunk_temple_overflow_pools, uniq_robin

Skill      XL: |  1  2  3 |
---------------+----------+-----
Stealth        | 3 |  3.2
Dodging        | 3 |  3.0
Fighting       | 1 |  1.0
Spellcasting   | |  3.6
Conjurations   | |  1.9
Fire Magic     | |  3.7

Action                   |  1- 3 |  4- 6 || total
-------------------------+-------+-------++-------
Melee: Unarmed           |    26 |       ||    26
 Cast: Foxfire           |    56 |       ||    56
  Use: Scroll            |     1 |     3 ||     4
 Stab: Sleeping          |     1 |       ||     1
  Eat: Chunk             |     2 |       ||     2
Armor: Robe              |    11 |       ||    11
Dodge: Dodged            |    57 |     1 ||    58

Table legend:
 A = Non-vault XP
 B = Vault XP
 C = Vault XP percentage of total XP
 D = Non-vault monster count
 E = Vault monster count
 F = Vault count percentage of total count
                 A         B        C        D         E       F
            +---------+---------+-------+---------+---------+-------
      Total |      76 |      22 |  22.4 |      20 |      12 |  37.5
            +---------+---------+-------+---------+---------+-------
        D:1 |      19 |       7 |  26.9 |       8 |       4 |  33.3
        D:2 |      57 |      15 |  20.8 |      12 |       8 |  40.0
            +---------+---------+-------+---------+---------+-------
